 Dungeon Crawl Stone Soup version 0.29.1-15-g9cfb28693d (webtiles) character file.

Game seed: 5775436427484502932

7 Smoke131 the Firebug (level 1, -1/14 HPs)
             Began as a Draconian Fire Elementalist on Feb 26, 2023.
             Frozen to death by an endoplasm (3 damage)
             ... on level 1 of the Dungeon.
             The game lasted 00:00:48 (216 turns).

Smoke131 the Firebug (Draconian Fire Elementalist)   Turns: 216, Time: 00:00:49

Health: -1/14      AC:  4    Str: 10    XL:     1   Next: 91%
Magic:  0/3        EV: 12    Int: 15    God:
Gold:   26         SH:  0    Dex: 11    Spells: 3/4 levels left

rFire   . . .      SeeInvis .   c - +0 club
rCold   . . .      Faith    .   (no shield)
rNeg    . . .      Spirit   .   (body armour unavailable)
rPois   .          Reflect  .   (helmet restricted)
rElec   .          Harm     .   (no cloak)
rCorr   .          Rampage  .   (no gloves)
Will    .....                   (no boots)
Stlth   ++........              (no amulet)
HPRegen 0.04/turn               (no ring)
MPRegen 0.08/turn               (no ring)

@: slowed, very slow
A: AC +4, unfitting armour, cold-blooded
a: no special abilities


You were on level 1 of the Dungeon.
You visited 1 branch of the dungeon, and saw 1 of its levels.

You collected 26 gold pieces.

Inventory:

Hand Weapons
 c - a +0 club (weapon)
Scrolls
 d - a scroll of fog {unknown}
Potions
 a - a potion of magic
 b - a potion of curing {unknown}


   Skills:
 + Level 2.0 Dodging
 - Level 1.7 Stealth
 + Level 2.1 Spellcasting
 + Level 1.2 Conjurations
 + Level 3.1 Fire Magic


You had 3 spell levels left.
You knew the following spells:

 Your Spells              Type           Power      Damage    Failure   Level
a - Foxfire               Conj/Fire      32%        2x1d5     9%          1

Your spell library contained the following spells:

 Spells                   Type           Power      Damage    Failure   Level
 Scorch                   Fire           22%        2d6       9%          2
 Conjure Flame            Conj/Fire      8%         6-21      26%         3
 Inner Flame              Hex/Fire       6%         N/A       34%         3
 Flame Wave               Conj/Fire      8%         2d5       65%         4


Dungeon Overview and Level Annotations

Branches:
Dungeon (1/15)

Altars:


Innate Abilities, Weirdness & Mutations

Your plain brown scales are hard. (AC +4)
You cannot fit into any form of body armour.
You are cold-blooded and may be slowed by cold attacks.


Message History

Confirm with . or Enter, or press ? or * to list all spells.
You don't have enough magic to cast this spell.
You barely miss the hobgoblin.
The hobgoblin is heavily wounded.
The foxfire hits the hobgoblin.
You kill the hobgoblin!
Your Dodging skill increases to level 2!
An endoplasm comes into view.
The kobold hits you but does no damage. The kobold barely misses you.
You see here a hobgoblin corpse.
You hit the kobold but do no damage. The kobold misses you.
The kobold closely misses you.
You barely miss the kobold.
The kobold hits you with a +1 dagger of speed.
The kobold barely misses you.
You closely miss the kobold.
The kobold hits you with a +1 dagger of speed.
The kobold hits you but does no damage.
You hit the kobold.
Your tail-slap misses the kobold.
The kobold is heavily wounded.
The kobold misses you. The kobold barely misses you. The endoplasm freezes you.
You are frozen.
You feel yourself slow down.
You closely miss the kobold.
The kobold is moderately wounded.
The kobold closely misses you.
The endoplasm hits you but does no damage.
The kobold hits you with a +1 dagger of speed.
The kobold misses you. The endoplasm freezes you.
You are frozen.
You feel as though you will be slow longer.
Casting: Foxfire (safe; 9% risk of failure)
Confirm with . or Enter, or press ? or * to list all spells.
You conjure some foxfire!
The kobold hits you with a +1 dagger of speed.
* * * LOW HITPOINT WARNING * * *
The endoplasm freezes you.
You are frozen.
You die...

#............#
#...[....$...#
#............#
#............#
...........
......... #.J.###
#..## #.@K..####
#..) #vv.#....###
#..### #..........#
#.....
#..........###....#
#..........#......#
#..........#......#
#.................#
#..........#.......
#..........#......#


You could see an endoplasm (ally target) and a kobold (ally target).

Vanquished Creatures
  An endoplasm (D:1)
  A goblin (D:1)
  A hobgoblin (D:1)
  2 frilled lizards (D:1)
  A kobold (D:1)
  2 rats (D:1)
8 creatures vanquished.

Vanquished Creatures (others)
  21 foxfires (D:1)
21 creatures vanquished.

Grand Total: 29 creatures vanquished

Notes
Turn   | Place    | Note
-------+----------+-------------------------------------------
     0 | D:1      | Smoke131 the Draconian Fire Elementalist began the quest
                  | for the Orb.
     0 | D:1      | Reached XP level 1. HP: 14/14 MP: 3/3
   107 | D:1      | Found a faded altar of an unknown god.
   216 | D:1      | Frozen to death by an endoplasm

Illustrated notes

Levels and vault maps discovered:
D:1:      wander_arrival_desolate, layout_basic,
          hellmonk_ecumenical_altar_defaced_shrine, minmay_pentomino_o2

Skill      XL: |  1 |
---------------+----+-----
Dodging        | 2 |  2.0
Stealth        | |  1.7
Spellcasting   | |  2.1
Conjurations   | |  1.2
Fire Magic     | |  3.1

Action                   || total
-------------------------++-------
Melee: Club              ||     6
 Cast: Foxfire           ||    14
Armor: Skin              ||     3
Dodge: Dodged            ||     8
